 Dungeon Crawl Stone Soup version 0.20-a0-1124-g2e29d97 (webtiles) character file.

27925 Fingolfin the Ripper (level 13, -1/102 HPs)
             Began as a Felid Berserker on May 14, 2017.
             Was a Priest of Trog.
             Succumbed to a glaive of venom's poison
             ... on level 1 of the Elven Halls on May 16, 2017.
             The game lasted 02:00:06 (29608 turns).

Fingolfin the Ripper (Felid Berserker)             Turns: 29608, Time: 02:00:07

Health: -1/102     AC:  3    Str: 19    XL:     13   Next: 7%
Magic:  20/20      EV: 37    Int:  8    God:    Trog [***...]
Gold:   300        SH:  2    Dex: 20    Spells: 12/12 levels left
                                        Lives:  0   Deaths: 3

rFire    + . .     SeeInvis +     - Unarmed
rCold    + . .     Gourm    .   (shield unavailable)
rNeg     . . .     Faith    .   (armour unavailable)
rPois    .         Spirit   .   (helmet unavailable)
rElec    .         Reflect  +   (cloak unavailable)
rCorr    .         Harm     .   (gloves unavailable)
MR       ++++.                  (boots unavailable)
Stlth    ..........             O - +2 amulet of reflection
Regen    1.3/turn               F - +5 ring of evasion
MPRegen  0.2/turn               S - ring of protection from magic

@: berserking (expiring), lethally poisoned (-1 -> -30), regenerating, studying
Fighting, very quick
A: no armour, no weapons or thrown items, stealth, claws 1, fangs 3, see
invisible, carnivore 3, fire resistance 1, speed 1, shaggy fur 3, slow
metabolism 1, no potion heal 1, subdued magic 1, sharp paws
a: Berserk, Trog's Hand, Burn Spellbooks, Renounce Religion


You were on level 1 of the Elven Halls.
You worshipped Trog.
Trog was most pleased with you.
You were not hungry.

You visited 5 branches of the dungeon, and saw 21 of its levels.

You collected 2252 gold pieces.
You spent 1952 gold pieces at shops.

Inventory:

Jewellery
 r - an uncursed ring of protection from fire
 s - an uncursed ring of magical power
 t - a +2 ring of dexterity
 u - an uncursed ring of protection from fire
 F - a +5 ring of evasion (left paw)
 O - a +2 amulet of reflection (around neck)
 S - a ring of protection from magic (right paw)
Wands
 i - a wand of digging (10/24)
 l - a wand of paralysis (13/24)
 p - a wand of lightning (2/15)
 v - a wand of scattershot (2/9)
 z - a wand of clouds (0/9)
 E - a wand of iceblast (6/15)
 G - a wand of digging (15/24)
 R - a wand of acid (2/15)
Scrolls
 d - a scroll of silence {unknown}
 f - 12 scrolls of teleportation
 g - 3 scrolls of fear
 j - 3 scrolls of magic mapping
 n - 2 scrolls of immolation
 q - a scroll of blinking
 B - 2 scrolls of summoning
 C - 5 scrolls of remove curse
 I - 3 scrolls of fog
 M - a scroll of vulnerability {unknown}
 N - a scroll of recharging {unknown}
 Q - 2 scrolls of holy word
Potions
 b - 11 potions of curing
 c - 2 potions of might
 e - 2 potions of resistance
 h - 4 potions of agility
 k - a potion of haste {unknown}
 m - a potion of ambrosia {unknown}
 x - 3 potions of brilliance
 D - 3 potions of flight
 K - a potion of invisibility {unknown}
 L - a potion of heal wounds {unknown}
Books
 o - a book of the Warp

   Spells                             Type                      Level
   a - Gell's Gravitas                Translocation                3
   b - Portal Projectile              Hexes/Translocation          3
   c - Force Lance                    Conjuration/Translocation    4
   d - Dispersal                      Translocation                6
   e - Controlled Blink               Translocation                8
   f - Disjunction                    Translocation                8
   Trog disapproves of the use of such an item.
 w - a manual of Fighting
Miscellaneous
 H - a fan of gales
 P - a box of beasts
Comestibles
 a - 9 meat rations


   Skills:
 + Level 14.7 Fighting
 - Level 15.0 Dodging
 - Level 10.1 Stealth
 - Level 16.4 Unarmed Combat
 - Level 8.3 Evocations


You had 12 spell levels left.
You didn't know any spells.

Dungeon Overview and Level Annotations

Branches:
Dungeon (11/15)            Temple (1/1) D:4            Lair (6/6) D:11
 Shoals (0/4) Lair:4        Snake (0/4) Lair:4        Slime (0/5) Lair:5
    Orc (2/2) D:10            Elf (1/3) Orc:2

Altars:
Ashenzari
Cheibriados
Dithmenos
Elyvilon
Fedhas
Gozag
Hepliaklqana
Kikubaaqudgha
Makhleb
Nemelex Xobeh
Okawaru
Qazlal
Ru
Sif Muna
Trog
Uskayaw
Vehumet
Wu Jian
Xom
Yredelemnul
Zin
The Shining One
Beogh

Shops:
D:4 %   D:6 :   D:7 }   D:11 %[   Orc:2 ([(:   Elf:1 ?

Annotations:
Lair:1 exclusion: 4 oklob plants


Innate Abilities, Weirdness & Mutations

You cannot wear armour.
You are incapable of wielding weapons or throwing items.
Your paws allow you to move quietly. (Stealth)
You have sharp claws.
You have razor-sharp teeth.
You have supernaturally acute eyesight. (SInv)
You are carnivorous and can eat meat at any time.
You cover ground quickly.
Your thick and shaggy fur keeps you warm. (AC +3, rC+)
You have a slow metabolism.
Your sharp claws are effective at attacking unaware monsters.
Your flesh is heat resistant. (rF+)
Potions are less effective at restoring your health.
Your spells are a little easier to cast, but a little less powerful.


Message History

You eviscerate the earth elemental!!!!
You destroy the earth elemental!
The glaive of venom hits you from afar!!
You are poisoned.
You scratch the deep elf mage.
The deep elf mage is severely wounded.
You feel sick.
Your polar bear barely misses the deep elf mage.
Your polar bear claws the deep elf mage. x2
You mangle the deep elf mage!!
You kill the deep elf mage!
Trog accepts your kill.
Trog appreciates your killing of a magic user.
The earth elemental disappears in a puff of smoke!
You feel sick.
The glaive of venom hits you from afar!!
* * * LOW HITPOINT WARNING * * *
You are lethally poisoned!
You are too berserk!
You die...

#..# .... ..§§.##
#..# .... ..§§§.§
#..# ... ###§### #..#
''# #§ #..# ..# #
#..# ..#§########
#..######)..§).§#8#§§
#.....)....§§# ######
#.).@.h(...#§# ##
##########.# '# . ..
.. . ...


You could see a glaive of venom and a friendly polar bear (berserk).

Vanquished Creatures
  Rupert (Lair:5)
  An ogre mage (Orc:1)
  6 hydras
  8 two-headed ogres
  4 dancing weapons (Elf:1)
  3 death yaks (Lair:4)
  7 orc high priests (Orc:2)
  2 deep elf knights (Elf:1)
  2 lindwurms
  2 deep elf archers (Elf:1)
  10 deep elf magi
  An orc sorcerer (D:10)
  A cyclops (D:10)
  Maurice (Orc:1)
  3 black mambas
  2 centaur zombies
  3 molten gargoyles (Lair:6)
  6 elephants
  A merfolk siren (Lair:4)
  A torpor snail (Lair:4)
  2 gargoyles (D:8)
  11 spiny frogs
  A rime drake (Lair:3)
  16 komodo dragons
  5 trolls
  5 blink frogs (Lair:6)
  14 dream sheep
  3 slime creatures (Lair:5)
  11 hippogriffs
  A wraith (D:11)
  7 wyverns
  A water elemental (Elf:1)
  16 yaks
  2 hogs (D:9)
  3 steam dragons (Lair:6)
  4 basilisks
  Menkaure (D:4)
  4 nagas (Lair:4)
  A hungry ghost (D:7)
  7 wargs
  5 hell hounds (Lair:6)
  19 water moccasins
  5 porcupines
  19 orc warriors
  A black bear (D:10)
  2 ice beasts
  2 phantoms
  A sky beast (D:5)
  16 wolves
  8 centaurs
  24 ogres
  18 crocodiles
  A big kobold (D:8)
  7 bullfrogs
  A water moccasin zombie (D:6)
  A wyvern skeleton (D:11)
  3 scorpions
  12 killer bees
  3 electric eels
  4 howler monkeys
  2 crimson imps
  5 lava snakes (Lair:6)
  3 jellies
  A quasit (D:7)
  31 orc priests
  2 bullfrog skeletons
  7 hounds
  21 orc wizards
  2 iguanas
  6 worker ants
  Natasha (twice) (D:2)
  3 hound zombies
  A howler monkey skeleton (D:4)
  8 adders
  3 shadow imps
  An ooze (D:3)
  An adder zombie (D:6)
  An adder skeleton (D:8)
  A worm (D:2)
  4 dart slugs
  4 leopard geckos
  101 orcs
  8 giant cockroaches
  15 goblins
  8 hobgoblins
  14 jackals
  4 quokkas
  A ball python (D:4)
  A ball python zombie (D:6)
  8 bats
  8 frilled lizards
  A jackal zombie (D:5)
  14 kobolds
  A leopard gecko zombie (D:7)
  A quokka skeleton (D:7)
  14 rats
  A fungus (Lair:5)
641 creatures vanquished.

Vanquished Creatures (collateral kills)
  A fire dragon (Lair:6)
  A hydra (Lair:1)
  A death yak (Lair:4)
  2 orc high priests (Orc:2)
  A deep elf knight (Elf:1)
  The ghost of nikopol the Cleaver, a novice GrBe of Trog (D:10)
  An orc knight (Orc:2)
  A deep elf mage (Elf:1)
  2 gargoyles (D:8)
  2 spiny frogs
  A hippogriff (D:10)
  An air elemental (Elf:1)
  A wraith (D:10)
  A human (D:9)
  A hog (D:9)
  4 wargs (Orc:2)
  8 orc warriors
  14 orc priests
  8 orc wizards
  A worker ant (D:10)
  25 orcs
78 creatures vanquished.

Vanquished Creatures (others)
  2 deep elf magi (Elf:1)
  A warg (D:10)
  A bush (Lair:6)
  18 fungi
  22 plants
44 creatures vanquished.

Grand Total: 763 creatures vanquished

Notes
Turn   | Place    | Note
-------+----------+-------------------------------------------
     0 | D:1      | Fingolfin the Felid Berserker began the quest for the Orb.
     0 | D:1      | Reached XP level 1. HP: 10/10 MP: 2/2
    90 | D:1      | Reached XP level 2. HP: 6/14 MP: 3/3
   741 | D:1      | Reached skill level 4 in Unarmed Combat
   790 | D:1      | Reached ** piety under Trog
  1013 | D:1      | Reached XP level 3. HP: 12/17 MP: 4/4
  1167 | D:2      | Noticed Natasha
  1173 | D:2      | Killed Natasha
  1561 | D:2      | Noticed Natasha
  1590 | D:2      | Killed Natasha
  1590 | D:2      | Reached skill level 5 in Unarmed Combat
  1590 | D:2      | Reached XP level 4. HP: 21/21 MP: 5/5
  1978 | D:2      | Found a sparkling altar of Nemelex Xobeh.
  1979 | D:2      | Found a white marble altar of Elyvilon.
  1981 | D:2      | Found a sacrificial altar of Ru.
  1982 | D:2      | Found a shimmering altar of Xom.
  2791 | D:3      | Reached *** piety under Trog
  2990 | D:3      | Reached XP level 5. HP: 24/24 MP: 6/6
  3275 | D:3      | Reached skill level 6 in Unarmed Combat
  3709 | D:4      | Killed from afar by an orc wizard
  3710 | D:4      | Reached XP level 4. HP: -1/21 MP: 5/5
  3728 | D:4      | Reached XP level 5. HP: 13/24 MP: 6/6
  3874 | D:4      | Noticed a centaur
  3901 | D:4      | Found a staircase to the Ecumenical Temple.
  3918 | Temple   | Entered the Ecumenical Temple
  4056 | D:4      | Reached skill level 7 in Unarmed Combat
  4148 | D:4      | Found Atep's Food Boutique.
  4166 | D:4      | Killed a centaur
  4334 | D:4      | Gained mutation: You are covered in thick fur. (AC +2) [Felid growth]
  4334 | D:4      | Reached XP level 6. HP: 24/28 MP: 7/7
  5050 | D:4      | Found a glowing golden altar of the Shining One.
  5320 | D:4      | Noticed Menkaure
  5327 | D:4      | Killed Menkaure
  5327 | D:4      | Reached skill level 8 in Unarmed Combat
  5327 | D:4      | Reached XP level 7. HP: 33/33 MP: 8/8
  5601 | D:5      | Entered Level 5 of the Dungeon
  5881 | D:5      | Found a bloodstained altar of Trog.
  5888 | D:5      | Reached **** piety under Trog
  5895 | D:5      | Reached skill level 5 in Fighting
  5972 | D:5      | Reached skill level 9 in Unarmed Combat
  5972 | D:5      | Reached XP level 8. HP: 38/38 MP: 9/9
  7130 | D:6      | Found Ufirchy's Book Shoppe.
  7548 | D:6      | Found a shattered altar of Ashenzari.
  7790 | D:7      | Reached skill level 10 in Unarmed Combat
  8239 | D:7      | Reached XP level 9. HP: 26/43 MP: 10/10
  8406 | D:7      | Found Kigar's Quality Used Wands.
  8563 | D:7      | Bought a wand of clouds (0/9) for 144 gold pieces
  9795 | D:8      | Noticed a gargoyle
  9807 | D:8      | Killed a gargoyle
  9937 | D:8      | Noticed a gargoyle
  9942 | D:8      | Killed a gargoyle
  9945 | D:8      | Noticed a gargoyle
  9948 | D:8      | Killed a gargoyle
  9948 | D:8      | Reached skill level 5 in Evocations
  9959 | D:8      | Noticed a gargoyle
  9959 | D:8      | Killed a gargoyle
 10787 | D:8      | HP: 3/66 [orc wizard/magic dart (6)]
 10790 | D:8      | Reached XP level 10. HP: 4/48 MP: 16/16
 11559 | D:9      | Found a blossoming altar of Fedhas.
 11559 | D:9      | Found a hazy altar of Hepliaklqana.
 11559 | D:9      | Found a hide-covered altar of Uskayaw.
 11566 | D:9      | Found an opulent altar of Gozag.
 11627 | D:9      | Found a burning altar of Makhleb.
 11794 | D:9      | Reached skill level 5 in Dodging
 11879 | D:9      | Found a glowing golden altar of the Shining One.
 12205 | D:9      | Reached skill level 11 in Unarmed Combat
 12515 | D:9      | Found a snail-covered altar of Cheibriados.
 12536 | D:10     | Entered Level 10 of the Dungeon
 12873 | D:10     | Noticed a two-headed ogre
 12881 | D:10     | Killed a two-headed ogre
 13216 | D:10     | Noticed nikopol's ghost (novice GrBe)
 13234 | D:10     | Killed nikopol's ghost
 13479 | D:10     | Noticed a deep elf mage
 13491 | D:10     | Killed a deep elf mage
 13491 | D:10     | Reached skill level 12 in Unarmed Combat
 13493 | D:10     | Reached XP level 11. HP: 35/51 MP: 18/18
 13641 | D:10     | Noticed a two-headed ogre
 13652 | D:10     | Killed a two-headed ogre
 13835 | D:10     | Found a staircase to the Orcish Mines.
 13917 | D:10     | Reached skill level 10 in Dodging
 14532 | D:11     | Found Ufuhocw's Food Boutique.
 14540 | D:11     | Gained mutation: You do not regenerate when monsters are visible. [potion of mutation]
 14540 | D:11     | Gained mutation: Your muscles are strong. (Str +2) [potion of mutation]
 14541 | D:11     | Lost mutation: Your muscles are strong. (Str +2) [potion of mutation]
 14541 | D:11     | Lost mutation: You do not regenerate when monsters are visible. [potion of mutation]
 14541 | D:11     | Gained mutation: Your thick and shaggy fur keeps you warm. (AC +3, rC+) [potion of mutation]
 14541 | D:11     | Gained mutation: Your spells are a little easier to cast, but a little less powerful. [potion of mutation]
 14541 | D:11     | Gained mutation: Potions are less effective at restoring your health. [potion of mutation]
 14541 | D:11     | Gained mutation: Your flesh is heat resistant. (rF+) [potion of mutation]
 14546 | D:11     | Found a staircase to the Lair.
 14690 | D:11     | Found Utichy's Antique Armour Emporium.
 15094 | D:11     | Reached skill level 13 in Unarmed Combat
 15248 | D:11     | Reached ***** piety under Trog
 15556 | Lair:1   | Entered Level 1 of the Lair of Beasts
 16247 | Lair:1   | Noticed an eight-headed hydra
 16253 | Lair:1   | Killed an eight-headed hydra
 16436 | Lair:1   | Noticed an oklob plant
 16436 | Lair:1   | Noticed an oklob plant
 16437 | Lair:1   | Noticed an oklob plant
 16437 | Lair:1   | Noticed an oklob plant
 16895 | Lair:2   | Noticed a seven-headed hydra
 16906 | Lair:2   | Killed a seven-headed hydra
 16906 | Lair:2   | Mutation became permanent: You are covered in thick fur. (AC +2) [Felid growth]
 16906 | Lair:2   | Gained mutation: Your thick and shaggy fur keeps you warm. (AC +3, rC+) [Felid growth]
 16906 | Lair:2   | Reached XP level 12. HP: 56/56 MP: 19/19
 17116 | Lair:2   | Noticed a seven-headed hydra
 17124 | Lair:2   | Killed a seven-headed hydra
 17456 | Lair:2   | Noticed a four-headed hydra
 17462 | Lair:2   | Killed a four-headed hydra
 17809 | Lair:3   | Reached skill level 10 in Fighting
 18605 | Lair:4   | Found a staircase to the Snake Pit.
 18817 | Lair:4   | Noticed a death yak
 18822 | Lair:4   | Noticed a death yak
 18823 | Lair:4   | Noticed a death yak
 18824 | Lair:4   | Noticed a death yak
 18828 | Lair:4   | Killed a death yak
 18832 | Lair:4   | Killed a death yak
 18838 | Lair:4   | Killed a death yak
 18840 | Lair:4   | Killed a death yak
 19068 | Lair:4   | Found a staircase to the Shoals.
 19216 | Lair:4   | Reached skill level 15 in Dodging
 19235 | Lair:4   | Upgraded the game from 0.20-a0-1122-gb7cbeb9 to 0.20-a0-1124-g2e29d97
 20569 | Lair:5   | Reached XP level 13. HP: 58/62 MP: 20/20
 20680 | Lair:5   | Reached skill level 14 in Unarmed Combat
 21058 | Lair:5   | Noticed Rupert
 21067 | Lair:5   | Killed Rupert
 21396 | Lair:5   | Found a staircase to the Slime Pits.
 21595 | Lair:6   | Entered Level 6 of the Lair of Beasts
 22723 | Lair:6   | Reached skill level 15 in Unarmed Combat
 23420 | Lair:6   | Noticed a fire dragon
 23544 | Lair:6   | Found a large runed door.
 23545 | Lair:6   | Found a large runed door.
 23947 | Lair:6   | Reached XP level 14. HP: 51/69 MP: 21/21
 25523 | Orc:1    | Entered Level 1 of the Orcish Mines
 25609 | Orc:1    | Noticed Maurice
 25623 | Orc:1    | Killed Maurice
 26156 | D:6      | Bought a manual of Fighting for 1545 gold pieces
 26285 | Orc:1    | Reached skill level 16 in Unarmed Combat
 26949 | Orc:2    | Entered Level 2 of the Orcish Mines
 27084 | Orc:2    | Found a staircase to the Elven Halls.
 27679 | Orc:2    | Found Hokuelyr's Weapon Boutique.
 27679 | Orc:2    | Found Icuagg's Book Emporium.
 28095 | Orc:2    | Found Wulomo's Antique Weapon Boutique.
 28095 | Orc:2    | Found Koasa's Armour Emporium.
 28118 | Orc:2    | Found a roughly hewn altar of Beogh.
 28523 | Orc:2    | Reached skill level 5 in Stealth
 29043 | Elf:1    | Entered Level 1 of the Elven Halls
 29043 | Elf:1    | Found Fuzyp's Magic Scroll Boutique.
 29072 | Elf:1    | Bought a scroll of holy word for 127 gold pieces
 29072 | Elf:1    | Bought a scroll of fog for 34 gold pieces
 29072 | Elf:1    | Bought a scroll of teleportation for 51 gold pieces
 29072 | Elf:1    | Bought a scroll of teleportation for 51 gold pieces
 29341 | Elf:1    | Reached skill level 10 in Stealth
 29418 | Elf:1    | Demolished by a glaive of venom
 29419 | Elf:1    | Reached XP level 13. HP: -14/67 MP: 20/20
 29520 | Elf:1    | Reached XP level 14. HP: 23/72 MP: 21/21
 29526 | Elf:1    | Slain by a scimitar of distortion
 29527 | Elf:1    | Reached XP level 13. HP: 0/68 MP: 20/20
 29607 | Elf:1    | HP: 1/102 [glaive of venom (33)]
 29608 | Elf:1    | Succumbed to a glaive of venom's poison

Vault maps used:
D:1:      dpeg_arrival_chase
D:2:      cheibrodos_greedy_goblins, minitemple, kennysheep_another_room,
          uniq_natasha
D:3:      grunt_ministairs_1, st_stairs_12
D:4:      kennysheep_mini_moat, minmay_temple_entry_steel_oval, serial_shops,
          nicolae_shop_statue_plus, uniq_menkaure
D:5:      lemuel_crystal_altar, first_bread
D:6:      marbit_many_paths, kennysheep_windowed_goal
D:7:      nicolae_for_you_no_charge
D:8:      cheibrodos_statue_roulette
D:9:      grunt_temple_overflow_open, overflow_temple_1_default,
          lemuel_coloured_pillars_altar, basic_altar, grunt_livestock
D:10:     david_orc_1_choice, lightli_minifort
D:11:     lair_entry_dummy, special_room, serial_shops, shop_statue, shop
Temple:   nicolae_temple_figure_zero
Lair:1:   minmay_lair_oklob_chamber
Lair:2:   grunt_megastairs_3
Lair:3:   st_stairs_13
Lair:4:   minmay_shoals_entry_lonely_mermaid, minmay_snake_entry_guardpost_small
Lair:5:   minmay_slime_entry_pillars, uniq_rupert
Lair:6:   cheibrodos_lair_end_hotspot
Orc:1:    lemuel_ogre_cave, uniq_maurice
Orc:2:    st_orc_town, guppyfry_library_mini
Elf:1:    serial_shops, shop, minivault_28, lemuel_flamethrower_2

Skill      XL: |  1  2  3  4  5  6  7  8  9 10 11 12 13 14 |
---------------+-------------------------------------------+-----
Unarmed Combat | 4 5 7 8 9 10 12 13 15 16 | 16.4
Fighting       | 4 5 7 8 10 12 14 | 14.7
Evocations     | 7 8 |  8.3
Dodging        | 9 12 15 | 15.0
Stealth        | 10 | 10.1

Action                   |  1- 3 |  4- 6 |  7- 9 | 10-12 | 13-15 || total
-------------------------+-------+-------+-------+-------+-------++-------
Melee: Unarmed           |    93 |   187 |   276 |   628 |   807 ||  1991
       Bite              |     7 |    15 |    28 |    85 |   108 ||   243
       Punch             |     1 |     3 |     7 |    55 |    69 ||   135
Invok: Berserk           |     2 |     4 |    10 |    25 |    27 ||    68
       Trog's Hand       |       |     2 |       |     5 |     8 ||    15
       Brothers in Arms  |       |       |     2 |    15 |    17 ||    34
       Burn Spellbooks   |       |       |     2 |     4 |     1 ||     7
Evoke: Wand              |       |       |       |       |     3 ||     3
  Use: Scroll            |       |     5 |     7 |    10 |     4 ||    26
       Potion            |       |       |     1 |     3 |       ||     4
 Stab: Distracted        |     1 |       |     1 |     4 |     4 ||    10
       Sleeping          |     2 |     3 |     6 |    10 |     6 ||    27
  Eat: Chunk             |    11 |    13 |    21 |    51 |    53 ||   149
Armor: Skin              |     7 |       |     7 |     6 |    16 ||    36
Dodge: Dodged            |    70 |   119 |   225 |   578 |   676 ||  1668
Block: Other             |       |       |       |    17 |    33 ||    50
